[Event "Late-Titled-Tuesday-Blitz-May-14-2024"]
[Site "Chess.com"]
[Date "2024.05.14"]
[Round "5"]
[White "GoltsevDmitry2000"]
[Black "yaguigor"]
[Result "1-0"]
[WhiteElo "2742"]
[BlackElo "2558"]
[TimeControl "180+1"]
[EndTime "14:56:34 PDT"]
[Termination "GoltsevDmitry2000 won on time"]

1. e4 c5 2. Nf3 Nc6 3. d4 cxd4 4.
Nxd4 Nf6 5. Nc3 e5 6. Nf5 d5 7. exd5 Bxf5 8. dxc6 bxc6 9. Bd3 e4 10. Qe2 Bb4 11. O-O Bxc3 12. bxc3 O-O 13. Bc4 Qa5 14. Bd2 Rfe8 15. h3 Be6 16. Bb3 Rad8 17. Be3 c5 18. Rad1 Rxd1 19. Rxd1 Qxc3 20. Ba4 Bc4 21. Qd2 Qxd2 22. Rxd2 Rc8 23. Bxc5 h6 24. Bxa7 Ra8 25. Rd4 Bxa2 26. Bb6 Bd5 27. Rb4 Rc8 28. Bd4 Kf8 29. c3 Ke7 30. Rb6 Rc7 31. Be5 Rb7 32. Ra6 Bc4 33. Ra5 Ke6 34. Bd4 Bd5 35. Ra6+ Kf5 36.
g4+ Kg6 37. Rd6 Be6 38. Kg2 h5 39. Kg3 hxg4 40. hxg4 Rc7 41. Bc2 Kh7 42. f3 Rd7 43. Ra6 Bc4 44. Rc6 Bd3 45. Bd1 Nd5 46. Rc5 Ne7 47.
Rh5+ Kg8 48. Rg5 Ng6 49. f4 e3 50. f5 1-0

[Event "Late-Titled-Tuesday-Blitz-May-14-2024"]
[Site "Chess.com"]
[Date "2024.05.14"]
[Round "5"]
[White "Romkachess"]
[Black "ClayK1ng"]
[Result "0-1"]
[WhiteElo "2579"]
[BlackElo "2415"]
[TimeControl "180+1"]
[EndTime "14:56:34 PDT"]
[Termination "ClayK1ng won by resignation"]

1. e4 e5 2. d4 exd4 3. Qxd4 Nc6 4. Qe3 d6 5. Nc3 g6 6. Bd2 Bg7 7. O-O-O Nf6 8. h4 O-O 9. Bc4 Qe7 10. h5 Be6 11.
Bb3 Nxh5 12. Nd5 Bxd5 13. Bxd5 Nf6 14. Qh3 h5 15. Bg5 Qd7 16. Qh4 Nxd5 17. exd5 Ne5 18. f3 f6 19. Bd2 Rae8 20. Nh3 Kf7 21. Nf4 Ke7 22. Ne6 Rg8 23. f4 Ng4 24. Rde1 Kf7 25. f5 Rh8 26. fxg6+ Kxg6 27. Nf4+ Kf7 28. Re6 c6 29. c4 cxd5 30. cxd5 Qa4 31. Kb1 Rc8 32. Rhe1 Qc2+ 33. Ka1 Ne5 34. Qg3 Qxd2 35. Re7+ Kxe7 36. Qxg7+ Kd8 37. Ne6+ Ke8 38. Qxh8+ Kd7 39. Qg7+ Ke8 40. Qg8+ Kd7 41. Qg7+ Ke8 42. Rb1 Qxd5 43. Qf8+ Kd7 44. Qxf6 Qxe6 45. Qg7+ Qf7 46. Qh6 Rg8 47. a3 Rxg2 48.
Rd1 Qg6 49. Qf8 Nf7 50. Qb8 Kc6 51. Rc1+ Rc2 52. Qc8+ Kb6 53. Rxc2 Ne5 54. Qc7+ Ka6 55.
Ka2 Nc6 56. Qc8 Qe6+ 57. Kb1 Qxc8 58. Rc1 Qf5+ 59. Rc2 Ne5 60. Ka2 Qxc2 0-1

[Event "Late-Titled-Tuesday-Blitz-May-14-2024"]
[Site "Chess.com"]
[Date "2024.05.14"]
[Round "5"]
[White "frederiksvane"]
[Black "Adar_07"]
[Result "1-0"]
[WhiteElo "2951"]
[BlackElo "2713"]
[TimeControl "180+1"]
[EndTime "14:56:37 PDT"]
[Termination "frederiksvane won by resignation"]

1. c4 Nf6 2. Nc3 e6 3. e4 d5 4. cxd5 exd5 5. e5 Nfd7 6. d4 c5 7. Nf3 Nc6 8. Bb5 cxd4 9. Nxd4 Bc5 10. Bxc6 bxc6 11. O-O Bxd4 12. Qxd4 O-O 13. Bf4 Re8 14.
Rfe1 Nf8 15. Qd2 Ne6 16. Bg3 Bb7 17. Rad1 Qb6 18. Kh1 Rad8 19. Bh4 Rb8 20. f4 c5 21. f5 d4 22. Ne4 Nf8 23. Nd6 Rxe5 24. Rxe5 Qxd6 25.
Bg3 Qc6 26. Rxc5 Qxc5 27. Bxb8 Qxf5 28. Qxd4 h5 29. Kg1 Ne6 30. Qf2 Qb5 31. Bxa7 Qa4 32. b3 Qa6 33. Rd7 Ng5 34. Rd8+ Kh7 35.
Qf5+ Qg6 36. Qxg6+ Kxg6 37. Be3 Ne6 38. Rd7 Bc6 39.
Rd6 Be4 40. a4 Kf5 41. a5 Ke5 42. Rb6 f5 43. a6 f4 44. Bd2 Kd5 45. a7 Nc7 46. Rb8 Ke5 47. Bc3+ Kf5 48. Bxg7 Ne6 49. Bc3 Nc7 50. b4 h4 51. h3 f3 52. gxf3 Bxf3 53. b5 Ke4 54. a8=Q+ Nxa8 55. Rxa8 Kd3 56. Rc8 Be4 57. Rc7 Bf5 58. Bf6 Bxh3 59. Bxh4 Be6 60. b6 Bd5 61. b7 1-0

[Event "Late-Titled-Tuesday-Blitz-May-14-2024"]
[Site "Chess.com"]
[Date "2024.05.14"]
[Round "5"]
[White "platy3"]
[Black "Evan_Attaker"]
[Result "1-0"]
[WhiteElo "2891"]
[BlackElo "2655"]
[TimeControl "180+1"]
[EndTime "14:56:37 PDT"]
[Termination "platy3 won by checkmate"]

1. e4 d6 2. d4 g6 3. Nc3 Bg7 4. Be3 Nf6 5. Nf3 c6 6. a4 O-O 7. Be2 Nbd7 8. O-O e5 9. d5 cxd5 10. exd5 Ne8 11. Nb5 a6 12. Na7 h6 13. Nd2 f5 14. Nxc8 Rxc8 15. Nc4 f4 16. Bd2 e4 17. b3 b5 18. axb5 axb5 19. Na5 Bxa1 20. Nc6 Qh4 21. g3 Qg5 22. Qxa1 e3 23. h4 exf2+ 24. Rxf2 Qxg3+ 25. Rg2 Qxh4 26. Rxg6+ Kf7 27. Be1 Qh3 28. Bg4 Qe3+ 29. Bf2 Qe4 30. Re6 Qxd5 31. Re7+ Kg6 32. Rg7+ Nxg7 33. Ne7+ Kf7 34. Nxd5 Ne5 35. Bxc8 Rxc8 36. Qa7+ Ke6 37. Nxf4+ Kf5 38. Qxg7 Kxf4 39.
Qxh6+ Ke4 40. Qxd6 Rxc2 41. Qd4+ Kf5 42. Kf1 Rc1+ 43.
Kg2 Rc2 44. Qd5 Rb2 45. Kf1 Rb1+ 46. Ke2 Rb2+ 47. Ke3 Rb1 48. Bg3 Kg4 49. Bxe5 b4 50. Qe4+ Kh3 51. Qxb1 Kg2 52. Qc2+ Kf1 53. Qf2# 1-0

[Event "Late-Titled-Tuesday-Blitz-May-14-2024"]
[Site "Chess.com"]
[Date "2024.05.14"]
[Round "5"]
[White "azikom"]
[Black "WindWhistler11"]
[Result "0-1"]
[WhiteElo "2688"]
[BlackElo "2531"]
[TimeControl "180+1"]
[EndTime "14:56:40 PDT"]
[Termination "WindWhistler11 won on time"]

1. d4 Nf6 2. c4 e6 3. Nc3 c5 4. e3 b6 5. Nf3 Bb7 6. d5 d6 7. e4 e5 8. Bd3 Nbd7 9. O-O Be7 10. a3 Nf8 11. b4 Ng6 12. Rb1 Bc8 13. g3 O-O 14.
Re1 h6 15. Nd2 Nh7 16. Nf1 Bg5 17. bxc5 bxc5 18. Bxg5 Nxg5 19. Ne3 Qf6 20. Nf5 Ne7 21. Nxe7+ Qxe7 22. h4 Nh3+ 23. Kg2 Qf6 24. Qf3 Qg6 25. Kh2 f5 26. Qg2 f4 27. Rb2 f3 28. Qf1 Qh5 29.
Nd1 g5 30. Ne3 gxh4 31. g4 Qg5 32. Qxh3 h5 33. Nf5 hxg4 34. Qxh4 Rxf5 35. Qxg5+ Rxg5 36. Kg3 Rh5 37. Bf1 Rh1 38. Reb1 Bd7 39. Rb7 Rd8 40. Rc7 Kf7 41. Rbb7 Rg1+ 42. Kh2 Rxf1 43. Rxd7+ Rxd7 44.
Rxd7+ Kf6 45. Rxd6+ Kg5 46. Re6 Kf4 47. Rf6+ Kxe4 48.
d6 Rxf2+ 49. Kg1 Rd2 50. Rg6 Kf5 51. Rh6 e4 0-1

[Event "Late-Titled-Tuesday-Blitz-May-14-2024"]
[Site "Chess.com"]
[Date "2024.05.14"]
[Round "5"]
[White "BabageldiAnnaberdiyev"]
[Black "Fjal"]
[Result "0-1"]
[WhiteElo "2552"]
[BlackElo "2354"]
[TimeControl "180+1"]
[EndTime "14:56:40 PDT"]
[Termination "Fjal won on time"]

1. e4 d6 2. d4 g6 3. Nc3 Bg7 4. f4 a6 5. a4 Nc6 6. Nf3 Bg4 7. Be3 Bxf3 8. gxf3 e6 9. h4 Nf6 10. Kf2 Nh5 11. Qd2 f5 12. d5 exd5 13. exd5 Nb8 14.
Bd4 O-O 15. Bxg7 Kxg7 16. Re1 Nd7 17. a5 Qf6 18. Re6 Qf7 19. b4 Rae8 20. Bc4 Re7 21. Rhe1 Rfe8 22. Qd4+ Kh6 23. R1e3 Nf8 24. Ke2 Nxe6 25.
dxe6 Qf6 26. Kd3 Qxd4+ 27. Kxd4 c6 28. Ne2 d5 29. Bd3 Rxe6 30. Rxe6 Rxe6 31. c3 Kg7 32. c4 dxc4 33. Bxc4 Rd6+ 34. Kc5 Rd2 35. Kb6 Rc2 36.
Bd3 Rd2 37. Bc4 Rb2 38. Kc5 Kf6 39. Nc3 Ke7 40. Na4 Rc2 41. Nb6 Nf6 42. Kd4 Rf2 43. Ke3 Rh2 44. Na4 Rxh4 45. Nc5 Nd7 46. Nxb7 Rh2 47. Bxa6 Rb2 48. b5 cxb5 49. Kd3 Ra2 50. Kc3 h5 51. Kb3 Ra1 52. Bxb5 h4 53. a6 h3 54. Ba4 Nb6 0-1

[Event "Late-Titled-Tuesday-Blitz-May-14-2024"]
[Site "Chess.com"]
[Date "2024.05.14"]
[Round "5"]
[White "guineo59"]
[Black "Cherepov_Alexej"]
[Result "0-1"]
[WhiteElo "2218"]
[BlackElo "2406"]
[TimeControl "180+1"]
[EndTime "14:56:43 PDT"]
[Termination "Cherepov_Alexej won by resignation"]

1. d4 d5 2. Nf3 c6 3. c4 dxc4 4. a4 Nf6 5. Nc3 Bg4 6. Ne5 Bh5 7.
Nxc4 e6 8. f3 Bb4 9. Qb3 a5 10.
Be3 O-O 11. Rd1 Nd5 12. Bf2 Nd7 13. e4 N5f6 14. Bd3 b5 15. Nd2 bxa4 16. Qxa4 Nb6 17.
Qxc6 Rc8 18. Qb5 Bxc3 19. bxc3 Rxc3 20. O-O a4 21. d5 Nbd7 22. dxe6 fxe6 23. Bd4 Rc8 24.
Qxa4 Ne5 25. Ba6 Ra8 26. Bxe5 Qb6+ 27. Qd4 Qxa6 28. Nc4 Qa7 29. Ra1 Qxd4+ 30. Bxd4 Nd7 31. Rfb1 Rxa1 32. Rxa1 Bf7 33. Ne5 Nxe5 34. Bxe5 Rd8 35. Kf2 h5 36. h4 Rd2+ 37. Kg3 Rc2 38. Ra8+ Kh7 39. Ra7 Kg8 40. Ra8+ Kh7 41. Rf8 Kg6 42.
Kh3 Rc5 43. Bd4 Rc4 44. Be5 Rc5 45. f4 Rc4 46. Ra8 Rxe4 47. Ra7 Re3+ 48. Kh2 Rb3 49. Kg1 Rb5 50. Kf2 Rd5 51. Ke3 Rb5 52. Kd4 Rb4+ 53.
Kc3 Rb5 54. Kc4 Rd5 55. Rxf7 Kxf7 56. Kc3 g6 57. Kc4 Ke8 58. g3 Kd7 59. Kc3 Kc6 60. Kc4 Rc5+ 61. Kd4 Ra5 62. Ke4 Ra3 63. Kd4 Ra4+ 64.
Ke3 Kd5 65. Kf3 Ra3+ 66. Kg2 Ke4 0-1

[Event "Late-Titled-Tuesday-Blitz-May-14-2024"]
[Site "Chess.com"]
[Date "2024.05.14"]
[Round "5"]
[White "BilodeauA"]
[Black "Oleksandr_Bortnyk"]
[Result "0-1"]
[WhiteElo "2895"]
[BlackElo "3053"]
[TimeControl "180+1"]
[EndTime "14:56:44 PDT"]
[Termination "Oleksandr_Bortnyk won by resignation"]

1. e4 Nf6 2. e5 Nd5 3. d4 d6 4. Nf3 dxe5 5. Nxe5 c6 6. Nd2 Nd7 7. Nef3 N7f6 8. Bc4 Bg4 9. h3 Bh5 10. O-O e6 11. a4 Bd6 12. c3 O-O 13. Re1 c5 14.
Qb3 Qc7 15. dxc5 Bxc5 16. Bf1 Qg3 17. Nd4 Bxd4 18. cxd4 Qxb3 19. Nxb3 Nb4 20. Re5 Nc2 21. Ra2 Bg6 22. Bd2 Rfd8 23. Bc3 Rac8 24. Rc5 Ne4 25. Rxc8 Rxc8 26. Nc5 Nxc3 27. bxc3 b6 28. Nd7 Rxc3 29.
a5 bxa5 30. Rxa5 Rc7 31. Rc5 Rxc5 32. dxc5 Be4 33. f3 Bc6 34. Nb8 Nb4 35. Nxc6 Nxc6 36. Bb5 Nb4 37. Kf2 Nd5 38. Bc4 Kf8 39. g3 Ke7 40. Ke2 Kd7 41. Bb5+ Kc7 42. Kd3 Nb4+ 43. Kc4 Nc6 44. f4 Ne7 45. Kd3 Nf5 46. g4 Ne7 47. Be8 f6 48. Kd4 Nc6+ 49. Kc4 g5 50. fxg5 fxg5 51.
Kd3 a5 52. Kc4 a4 53. Kc3 h6 54. Kb2 Ne5 55. Ka3 Nd3 56. Kxa4 Nxc5+ 57. Kb4 Nd3+ 58. Kc4 Nf4 59. Kd4 Kd6 60. Ke4 Nxh3 61. Kf3 Nf4 62.
Ba4 Ke5 63. Bc2 Kd4 64. Bh7 e5 65. Bf5 Nd5 66. Bg6 Nf6 67. Bf5 e4+ 68. Ke2 Nd5 69. Bg6 Nf4+ 0-1

[Event "Late-Titled-Tuesday-Blitz-May-14-2024"]
[Site "Chess.com"]
[Date "2024.05.14"]
[Round "5"]
[White "Supelyel"]
[Black "Cuchulin"]
[Result "1-0"]
[WhiteElo "2419"]
[BlackElo "2215"]
[TimeControl "180+1"]
[EndTime "14:56:44 PDT"]
[Termination "Supelyel won by resignation"]

1. c4 e6 2. Nc3 d5 3. cxd5 exd5 4. d4 Nf6 5. Nf3 Bd6 6. Bg5 c6 7. Qc1 O-O 8. e3 h6 9. Bh4 Bf5 10. Bg3 Bxg3 11. hxg3 Re8 12. Be2 Nbd7 13. Kf1 Ng4 14. Qd2 Qf6 15. Kg1 Re7 16. Bd3 Rae8 17. Rh4 Qg6 18.
Bxf5 Qxf5 19. Re1 Ndf6 20. Qd1 a5 21. a4 Ne4 22. Nxe4 dxe4 23. Rxg4 Qxg4 24. Nd2 Qxd1 25. Rxd1 f5 26. Rc1 Rd8 27. Nc4 Rd5 28. Nb6 Rd8 29.
Rc5 g6 30. Rxa5 Rc7 31. b4 Kf7 32. Rc5 Re7 33. a5 Kf6 34. Rc4 g5 35. Rc5 f4 36.
gxf4 gxf4 37. Rh5 fxe3 38. fxe3 Kg6 39. Rh4 Rf8 40. Nc4 Ref7 41. Ne5+ Kg5 42. Rg4+ Kh5 43. Rxe4 Rf1+ 44. Kh2 Rb1 45. Nd3 Rff1 46. Kg3 Rfd1 47. Nf4+ Kg5 48. Re6 Rb2 49. Rg6+ Kf5 50. Rxh6 Rdd2 51.
Rh7 Rxb4 52. Rf7+ Ke4 53. Re7+ Kf5 54. Re5+ Kf6 55. Kg4 Ra4 56. Rf5+ Ke7 57. Kg5 Rda2 58. g4 Rxa5 59. Ng6+ Ke8 60. Ne5 b5 61. Nxc6 Ra6 62. Nb4 R6a3 63. Nxa2 Rxa2 64. Rxb5 Re2 65. Re5+ Kf7 66.
Kf5 Kg7 67. g5 Rf2+ 68. Ke6 Re2 69. d5 Rd2 70. d6 Kg6 71. d7 Kg7 72. Ke7 1-0

[Event "Late-Titled-Tuesday-Blitz-May-14-2024"]
[Site "Chess.com"]
[Date "2024.05.14"]
[Round "5"]
[White "OriTaichman"]
[Black "OK97"]
[Result "0-1"]
[WhiteElo "2639"]
[BlackElo "2886"]
[TimeControl "180+1"]
[EndTime "14:56:46 PDT"]
[Termination "OK97 won by resignation"]

1. e4 c5 2. Nf3 a6 3. c4 Nc6 4. d4 cxd4 5. Nxd4 Nf6 6. Nc3 e5 7. Nc2 Bc5 8. Be2 O-O 9. O-O d6 10. Bg5 h6 11. Bxf6 Qxf6 12. Nd5 Qd8 13. Bg4 Be6 14.
Kh1 Rc8 15. f3 Qg5 16. b4 Ba7 17. Qc1 Qh4 18. g3 Qd8 19. Bf5 Nd4 20. Nxd4 Bxd4 21.
Rb1 b5 22. Qa3 bxc4 23. Qxa6 c3 24. Bxe6 Ra8 25. Bxf7+ Rxf7 26. Qc4 Kh7 27. Rbc1 Rc8 28. Qb3 Qg5 29. Nxc3 Rfc7 30. f4 Qh5 31. b5 Rxc3 32.
Rxc3 Rxc3 33. Qd1 Qxd1 34. Rxd1 Rc2 35. b6 Bxb6 36. Rxd6 Bd4 37. fxe5 Bxe5 38. Ra6 Re2 39. Ra4 Kg6 40. Kg1 Rd2 41. Ra6+ Kf7 42. a4 Bd4+ 43. Kh1 Re2 44. a5 Rxe4 45. Kg2 Re2+ 46. Kf3 Rxh2 47.
Rd6 Bg1 48. a6 Ra2 49. Rc6 Bd4 50. Ke4 Bf2 51. g4 Kg8 52. Kf5 Kh7 53. g5 Ra5+ 54. Kf4 Rxg5 55. Rc7 Bg3+ 56. Kf3 Bxc7 57. a7 Rf5+ 0-1

[Event "Late-Titled-Tuesday-Blitz-May-14-2024"]
[Site "Chess.com"]
[Date "2024.05.14"]
[Round "5"]
[White "SRob2003"]
[Black "Savagelittlemole"]
[Result "0-1"]
[WhiteElo "2673"]
[BlackElo "2525"]
[TimeControl "180+1"]
[EndTime "14:56:47 PDT"]
[Termination "Savagelittlemole won by resignation"]

1. e4 c5 2. Nf3 d6 3. d4 cxd4 4. Nxd4 Nf6 5. Nc3 a6 6. Be2 e5 7.
Nb3 Be7 8. Be3 O-O 9. g4 Be6 10.
g5 Nfd7 11. h4 b5 12. Bg4 b4 13. Nd5 Bxd5 14. Qxd5 Nb6 15. Bxb6 Qxb6 16. Qxa8 Nc6 17. Bc8 Na7 18. Qb7 Nxc8 19. Qxb6 Nxb6 20. O-O-O f6 21. gxf6 Rxf6 22. Rd2 Rf4 23. Re2 Bxh4 24. Rh2 g6 25. Kb1 h5 26. Nc1 a5 27. Nd3 Rg4 28. b3 Nd7 29.
Kb2 g5 30. f3 Rg3 31. Reg2 Nf6 32. a3 bxa3+ 33. Kxa3 Kf7 34. Rxg3 Bxg3 35. Rh3 h4 36. Ka4 g4 37. fxg4 Nxe4 38. Kxa5 Kg6 39. b4 Kg5 40. b5 Kxg4 41. Rh1 Nf2 42. Rg1 Nxd3 43. cxd3 h3 44. b6 h2 45. Rf1 d5 46.
b7 e4 47. dxe4 dxe4 48. Kb5 e3 49. Kc4 e2 50. Re1 Kf3 51. Kd3 Bxe1 52. b8=Q Bg3 53. Qb7+ Kf2 54. Qf7+ Kg1 55. Qa7+ Bf2 56. Qg7+ Kf1 57.
Qg4 e1=Q 58. Qh3+ Kg1 59. Qg4+ Bg3 60. Qd4+ Qf2 61. Qa1+ Qf1+ 0-1

[Event "Late-Titled-Tuesday-Blitz-May-14-2024"]
[Site "Chess.com"]
[Date "2024.05.14"]
[Round "5"]
[White "bazar-wokzal"]
[Black "David_ATM"]
[Result "1-0"]
[WhiteElo "2616"]
[BlackElo "2446"]
[TimeControl "180+1"]
[EndTime "14:56:47 PDT"]
[Termination "bazar-wokzal won by resignation"]

1. e4 e5 2. Bc4 Nc6 3. f4 Nf6 4. Nc3 Bc5 5. Nf3 d6 6. f5 Nd4 7. d3 c6 8. Bg5 h6 9. Bh4 b5 10. Bb3 a5 11. a4 Nxb3 12. cxb3 b4 13. Ne2 Ba6 14. Qc2 Qb6 15. O-O-O Be3+ 16. Kb1 c5 17. Bxf6 gxf6 18. Ng3 h5 19. Rhe1 Bd4 20. Nh4 Ke7 21.
Qe2 Rh7 22. Nxh5 Rah8 23. g4 c4 24. dxc4 Bf2 25. Nf3 Bxe1 26. Qxe1 Rxh5 27. gxh5 Rxh5 28. Ka2 Bb7 29. Qe2 Qc6 30. Nd2 Rh4 31. Re1 Qe8 32.
Qf2 Rf4 33. Qb6 Qc6 34. Qxa5 Rf2 35. Qxb4 Rxh2 36. Rd1 Ba8 37. a5 Qc5 38. Ka3 Qxb4+ 39. Kxb4 Kd7 40. c5 dxc5+ 41. Kxc5 Kc7 42. b4 Rh8 43. b5 Rd8 44. a6 Rd4 45. b6+ Kb8 46.
b7 Bxb7 47. axb7 Kxb7 48. b4 Kb8 49. b5 Kb7 50. b6 Rd3 51. Kc4 Rd4+ 52. Kc3 Kxb6 53.
Rg1 Kc6 54. Rg7 Rd7 55. Nc4 Rc7 56. Rh7 Kd7 57. Rxf7+ Kc6 58. Rxc7+ Kxc7 59. Kb4 Kd7 60. Kc5 Kc7 61. Kd5 Kd7 62. Ne3 Ke7 63. Ng4 Kf7 64. Kd6 1-0

[Event "Late-Titled-Tuesday-Blitz-May-14-2024"]
[Site "Chess.com"]
[Date "2024.05.14"]
[Round "5"]
[White "1800_strength"]
[Black "varunkrishnanchess"]
[Result "1-0"]
[WhiteElo "2770"]
[BlackElo "2603"]
[TimeControl "180+1"]
[EndTime "14:56:48 PDT"]
[Termination "1800_strength won by checkmate"]

1. Nf3 a6 2. h4 c5 3. h5 Nc6 4.
b3 e5 5. Bb2 d6 6. Nc3 Nf6 7. e4 Bg4 8. h6 gxh6 9. Be2 Rg8 10. Nh4 Bxe2 11. Qxe2 Nd4 12. Qd3 b5 13. Ne2 Rc8 14.
Bxd4 cxd4 15. c3 d5 16. exd5 Qxd5 17. cxd4 exd4 18. Qxd4 Bc5 19. Qxd5 Nxd5 20. O-O Nb4 21. d4 Bb6 22. a3 Nd3 23. Rad1 Rc2 24. Rxd3 Rxe2 25.
Re3+ Rxe3 26. fxe3 Rg6 27. Nf5 Bd8 28. Rf4 Kd7 29. Kf2 Be7 30. a4 Rc6 31. Kf3 Rc3 32. axb5 axb5 33. Nxh6 Rxb3 34. Nxf7 Rb1 35. Ne5+ Ke6 36.
Ke4 b4 37. Rf7 Rc1 38. Rxh7 b3 39. Rh6+ Bf6 40. Ng4 b2 41. Rxf6+ Ke7 42. Rb6 b1=Q+ 43. Rxb1 Rxb1 44. Ne5 Rg1 45. Ng6+ Kd6 46. Nf4 Ke7 47.
Ke5 Rd1 48. e4 Rf1 49. g4 Rg1 50. Kf5 Kd6 51. e5+ Ke7 52. d5 Kf7 53. g5 Rf1 54.
d6 Rd1 55. g6+ Kg7 56. Nh5+ Kh6 57. g7 Kh7 58. d7 Rxd7 59. Nf6+ Kxg7 60. Nxd7 Kf7 61.
e6+ Ke7 62. Ke5 Ke8 63. Nf6+ Ke7 64. Ne4 Ke8 65. Ng3 Ke7 66. Nh1 Ke8 67. Kf6 Kf8 68.
e7+ Ke8 69. Nf2 Kd7 70. Kf7 Kd6 71. e8=Q Kc5 72. Qe4 Kd6 73. Qd4+ Kc6 74. Ke7 Kb7 75. Qc4 Kb6 76. Kd7 Kb7 77. Qb4+ Ka6 78. Kc7 Ka7 79. Qa4# 1-0

[Event "Late-Titled-Tuesday-Blitz-May-14-2024"]
[Site "Chess.com"]
[Date "2024.05.14"]
[Round "5"]
[White "ansko1999"]
[Black "KNVB"]
[Result "1/2-1/2"]
[WhiteElo "2625"]
[BlackElo "2817"]
[TimeControl "180+1"]
[EndTime "14:56:49 PDT"]
[Termination "Game drawn by repetition"]

1. e4 c5 2. Nf3 e6 3. c3 Nf6 4. e5 Nd5 5. d4 cxd4 6. Bc4 Nb6 7.
Bb3 Nc6 8. cxd4 d6 9. Bg5 Be7 10. Bxe7 Qxe7 11. exd6 Qxd6 12. O-O O-O 13. Nc3 Rd8 14.
Nb5 Qb4 15. Qe2 a6 16. Nc7 Rb8 17. Rad1 Ne7 18. Ne5 Qd6 19. Rc1 Nc6 20. Nxc6 bxc6 21. Nxa6 Bxa6 22. Qxa6 g6 23. g3 Kg7 24. Rfd1 h5 25.
h4 Rd7 26. Qe2 Ra7 27. Qe5+ Qxe5 28. dxe5 Rc8 29. Rd6 Rac7 30. a4 Kg8 31. a5 Nd7 32. f4 Kf8 33. Bc4 Ke7 34. b4 Rb8 35. Rb1 Ra8 36.
Bd3 c5 37. b5 Rxa5 38. b6 Rb7 39. Be4 Rb8 40. b7 c4 41. Rc6 Rc5 42. Ra6 c3 43.
Ra8 c2 44. Rc1 Rc7 45. Rxb8 Nxb8 46. Rxc2 Rxc2 47. Bxc2 Kd7 48. Be4 Kc7 49. Kf2 Nd7 50.
Ke3 Nc5 51. Kd4 Nxe4 52. Kxe4 Kxb7 53. Kd4 Kb6 54. Kc4 Kc6 55. Kd4 Kb5 56. Kd3 Kb4 57. Kd4 Kb5 58. Kd3 Kc5 59. Kc3 Kd5 60. Kd3 Kc5 61.
Kc3 Kb5 62. Kb3 Ka5 63. Ka3 Kb5 64. Kb3 Kc5 65. Kc3 1/2-1/2

[Event "Late-Titled-Tuesday-Blitz-May-14-2024"]
[Site "Chess.com"]
[Date "2024.05.14"]
[Round "5"]
[White "s-dshubin"]
[Black "MikeSailer"]
[Result "1-0"]
[WhiteElo "2320"]
[BlackElo "2056"]
[TimeControl "180+1"]
[EndTime "14:56:50 PDT"]
[Termination "s-dshubin won on time"]

1. e4 d5 2. exd5 Qxd5 3. Nc3 Qd6 4. Nf3 c6 5. d4 Bg4 6. Be2 Nf6 7. O-O e6 8. Ne5 Bxe2 9. Qxe2 Nbd7 10. Nxd7 Qxd7 11.
Be3 Bd6 12. Rad1 O-O 13. Qf3 Nd5 14. Nxd5 cxd5 15. Bf4 Be7 16. Rd3 b5 17. Qh5 f5 18.
Rh3 h6 19. Bxh6 Bf6 20. Be3 Rac8 21. c3 b4 22. Bg5 bxc3 23. bxc3 Bxg5 24. Qxg5 Rf6 25.
Rg3 Kf7 26. Qh5+ Kg8 27. Qg5 Qf7 28. h4 Rb8 29. h5 Kh7 30. Kh2 Rh6 31. Rh3 Rb2 32.
a4 a5 33. Qd8 Rxh5 34. Rxh5+ Qxh5+ 35. Kg1 Rd2 36. Qxa5 Rd3 37. Qb6 Qh6 38. Qc7 f4 39.
Re1 f3 40. Qh2 Qxh2+ 41. Kxh2 fxg2 42. Kxg2 Rxc3 43. Rxe6 Rc4 44. Rd6 Rxd4 45. a5 Kg8 46.
a6 Ra4 47. Rd8+ Kf7 48. Rd7+ Kf6 49. a7 Ke6 50. Rxg7 Ke5 51. Kf3 Kd4 52. Ke2 Ra2+ 53.
Kd1 Kd3 54. Kc1 d4 55. f4 Kc3 56. Rc7+ Kd3 57. f5 1-0

[Event "Late-Titled-Tuesday-Blitz-May-14-2024"]
[Site "Chess.com"]
[Date "2024.05.14"]
[Round "5"]
[White "SharathRk6"]
[Black "XDPS"]
[Result "1/2-1/2"]
[WhiteElo "2509"]
[BlackElo "2803"]
[TimeControl "180+1"]
[EndTime "14:56:51 PDT"]
[Termination "Game drawn by repetition"]

1. e4 c5 2. Nf3 e6 3. d4 cxd4 4. Nxd4 a6 5. Bd3 Bc5 6. Nb3 Ba7 7. O-O Nc6 8. c4 Nf6 9. Nc3 O-O 10. Bf4 d6 11. Rc1 e5 12. Bg5 h6 13. Bh4 g5 14.
Bg3 Bg4 15. Qd2 Be6 16. Nd5 Nh5 17. Kh1 Kg7 18. Qe2 Nf4 19. Bxf4 exf4 20. c5 dxc5 21. Nxc5 Bxd5 22. exd5 Qxd5 23. Be4 Qe5 24. Nd7 Qe7 25. Nxf8 Rxf8 26. Qd3 Ne5 27. Qb3 b5 28. f3 Be3 29.
Rc2 Rd8 30. Re2 Nc4 31. Rd1 Rxd1+ 32. Qxd1 Qe5 33. b3 Nd2 34. Bc2 Qc3 35. h3 a5 36. Kh2 Qd4 37. Kh1 Kf6 38. Be4 h5 39. Bc2 Ke5 40. Qxd2 Qxd2 41. Rxd2 Bxd2 42. Kg1 Kd4 43. Kf2 Kc3 44. Be4 Kb2 45. Bd5 f6 46. a4 b4 47. Bf7 Kc3 48. Bc4 Be3+ 49. Ke2 Bc5 50. Bf7 f5 51. Be6 g4 52. Bf7 Bd6 53. Be6 Be7 54. Bd5 Kd4 55. Bf7 Kc3 56. Be6 Bf8 57. Bf7 Bg7 58. Be6 Bd4 59. Bf7 Be3 60.
Be6 Bc1 61. Bf7 gxh3 62. gxh3 Be3 63. Be6 Bb6 64. Bf7 Bc7 65. Be6 Bd8 66. Bf7 Bh4 67. Be6 Bg3 68. Bf7 Kd4 69. Be6 Ke5 70. Bf7 h4 71.
Bc4 Kd4 72. Bf7 Kc3 73. Bg8 Kc2 74. Bf7 Kc3 75. Be6 Bh2 76. Bf7 Bg1 77. Be6 Bb6 78. Bf7 Bc7 79. Be6 Bb6 80. Bf7 Bc7 81. Be6 Bb6 1/2-1/2

[Event "Late-Titled-Tuesday-Blitz-May-14-2024"]
[Site "Chess.com"]
[Date "2024.05.14"]
[Round "5"]
[White "Ramil_Faizrakhmanov"]
[Black "Cipy77"]
[Result "0-1"]
[WhiteElo "2851"]
[BlackElo "2653"]
[TimeControl "180+1"]
[EndTime "14:56:51 PDT"]
[Termination "Cipy77 won by resignation"]

1. d4 d5 2. c4 c6 3. Nf3 Nf6 4. Nc3 dxc4 5. a4 Bf5 6. Ne5 Nbd7 7.
Nxc4 Qc7 8. g3 e5 9. dxe5 Nxe5 10. Bf4 Nfd7 11. Nxe5 Nxe5 12. Bg2 Rd8 13. Qb3 Bd6 14.
O-O O-O 15. Rac1 Be6 16. Qc2 Nc4 17. Bxd6 Qxd6 18. b3 Ne5 19. Rfd1 Qb4 20. Rxd8 Rxd8 21. Rb1 h6 22. h3 a5 23. f4 Nd7 24. f5 Qc5+ 25. Kh2 Bxf5 26. e4 Bg6 27. Rd1 Qe5 28.
Ne2 Qf6 29. Qd2 Qe5 30. Nf4 Bxe4 31. Bxe4 Qxe4 32. Qxa5 b6 33. Qc3 g6 34. h4 h5 35.
Rd6 Kh7 36. Qd2 Ne5 37. Rxd8 Nf3+ 38. Kh3 Nxd2 39. Rxd2 Qh1+ 40. Rh2 Qb1 41. Rd2 Qxb3 42.
Rd7 Kg7 43. Rb7 c5 44. a5 Qd1 45. Kh2 Qd2+ 46. Kh3 Qxa5 47. Ne6+ Kg8 48. Ng5 Qa2 49. Rxb6 c4 50. Rc6 Qb1 51. Rc8+ Kg7 52. Kh2 Qc2+ 53.
Kg1 Qd1+ 54. Kh2 Qe2+ 55. Kg1 Qd1+ 56. Kh2 Qd2+ 57. Kg1 c3 58. Rc7 c2 59. Rxf7+ Kg8 60. Rc7 Qd1+ 61. Kg2 c1=Q 0-1

[Event "Late-Titled-Tuesday-Blitz-May-14-2024"]
[Site "Chess.com"]
[Date "2024.05.14"]
[Round "5"]
[White "ViIIagra"]
[Black "h4parah5"]
[Result "1/2-1/2"]
[WhiteElo "2861"]
[BlackElo "3038"]
[TimeControl "180+1"]
[EndTime "14:56:53 PDT"]
[Termination "Game drawn by repetition"]

1. e4 c5 2. Nf3 Nc6 3. Bc4 e6 4. O-O Nf6 5. Re1 Qc7 6. Nc3 Be7 7. e5 Ng4 8. d4 cxd4 9. Nb5 Qb6 10. h3 a6 11. Nbxd4 Qc5 12. hxg4 Qxc4 13. b3 Qc3 14. Bd2 Qc5 15. Nxc6 Qxc6 16. c4 b6 17. Nd4 Qc7 18.
Qf3 Bb7 19. Qg3 O-O 20. Bf4 Rad8 21. Rad1 Qc5 22. g5 b5 23. Nc2 bxc4 24. bxc4 Qxc4 25. Ne3 Qe4 26. Nd5 Qxe1+ 27. Rxe1 Bxd5 28. Qh3 Rb8 29. Kh2 Rb2 30. f3 Rc8 31. Kg3 Rcc2 32. Rh1 Rxg2+ 33. Qxg2 Rxg2+ 34. Kxg2 f6 35. gxf6 gxf6 36. a4 Bc6 37. a5 fxe5 38. Bxe5 Bb4 39. Ra1 Kf7 40. Bd4 d6 41.
Kf2 e5 42. Bb6 h5 43. Rg1 Bd2 44. Rd1 Bb4 45. Rh1 Kg6 46. Rg1+ Kf6 47. Bd8+ Kf7 48. Rg5 h4 49. Rh5 e4 50. fxe4 Bxe4 51. Bb6 Ke6 52.
Rxh4 d5 53. Ke3 Kd7 54. Rh6 Ba3 55. Rh5 Kc6 56. Ke2 Kb5 57. Rh3 Bb4 58. Rb3 Kc4 59.
Rxb4+ Kxb4 60. Ke3 Kb5 61. Kd4 Bh1 62. Bd8 Be4 63. Bb6 Bh1 64. Bd8 Be4 65. Bb6 1/2-1/2

[Event "Late-Titled-Tuesday-Blitz-May-14-2024"]
[Site "Chess.com"]
[Date "2024.05.14"]
[Round "5"]
[White "PapaieDudu"]
[Black "Roberz12"]
[Result "0-1"]
[WhiteElo "2381"]
[BlackElo "2576"]
[TimeControl "180+1"]
[EndTime "14:56:53 PDT"]
[Termination "Roberz12 won on time"]

1. Nf3 b6 2. d4 Bb7 3. c4 g6 4.
Nc3 f5 5. e3 Nf6 6. Be2 Bg7 7.
O-O O-O 8. Rb1 a5 9. b3 Ne4 10.
Bb2 e6 11. Rc1 d6 12. d5 e5 13. Nxe4 fxe4 14. Nd2 Bc8 15. Nxe4 Bf5 16. Ng3 Nd7 17. e4 h5 18. exf5 h4 19. Ne4 gxf5 20. Nd2 Rf7 21.
f4 Bh6 22. fxe5 dxe5 23. Bh5 Rf8 24. Rc3 Qg5 25. Nb1 e4 26. Kh1 f4 27. Bg4 Nc5 28.
Nd2 e3 29. Nb1 Rae8 30. Bf3 Nd7 31. Rc2 Ne5 32. Qd4 Bg7 33. Qd1 Nd7 34. Nc3 Nc5 35. Re2 Qg6 36. Qb1 Qxb1 37. Nxb1 Bxb2 38. Rxb2 Nd3 39.
Re2 a4 40. Nc3 axb3 41. axb3 Ra8 42. Ne4 Ra3 43. d6 cxd6 44. Nxd6 Rxb3 45. Kg1 Rc3 46. Bd5+ Kg7 47. Ne4 Rb3 48. Ng5 Rf6 49. Ne6+ Kh6 50. Nd4 Rc3 51. Nf3 Nc1 52. Ree1 Nd3 53. Re2 Nc1 54.
Rb2 Nb3 55. Nxh4 Nc5 56. Nf3 Nd3 57. Re2 Nc5 0-1